 Dungeon Crawl Stone Soup version 0.16-a0-309-g112360f (webtiles) character file.

922 Qrupt the Skirmisher (level 8, -4/105 HPs)
             Began as a Hill Orc Gladiator on Aug 31, 2014.
             Slain by a slave (6 damage)
             ... led by Pikel
             ... on Level 5 of the Dungeon.
             The game lasted 00:18:49 (5000 turns).

Qrupt the Skirmisher (Hill Orc Gladiator)           Turns: 5000, Time: 00:18:49

HP  -4/105       AC 25     Str 17 (19) XL: 8   Next: 10%
MP   8/8         EV  2     Int  8      God:
Gold 221         SH  0     Dex 17      Spells:  0 memorised,  7 levels left

rFire  + . .     SeeInvis .     a - +2 long sword
rCold  . . .     Clarity  .     m - melded +0 ring mail
rNeg   + + +     rCorr    .     (no shield)
rPois  +         rRot     .     c - +0 helmet
rElec  .         Spirit   .     l - melded +0 cloak
SustAb .         Warding  .     (gloves currently unavailable)
rMut   .         NoTele   +     (boots currently unavailable)
Gourm  +                        u - amulet of the gourmand
MR     .....                    s - ring of protection from fire
                                e - cursed ring of teleportation

@: agile, tree-form, not resistant to hostile enchantments, fairly stealthy
A: (hooves 0), spit poison 1
a: Spit Poison, Evoke Teleportation


You were on level 5 of the Dungeon.
You were very hungry.
You were an animated tree.
You visited 1 branch of the dungeon, and saw 5 of its levels.

You collected 221 gold pieces.

Inventory:

Hand weapons
 a - a +2 long sword (weapon)
Missiles
 d - 3 throwing nets (quivered)
Armour
 b - a +0 leather armour
 c - a +0 helmet (worn)
 l - a +0 cloak (melded)
 m - a +0 ring mail (melded)
Comestibles
 f - 4 meat rations
 k - 4 bread rations
Scrolls
 i - a scroll of amnesia
Jewellery
 e - a cursed ring of teleportation (left branch)
 o - an uncursed amulet of faith
 p - an uncursed amulet of guardian spirit {unknown}
 s - a ring of protection from fire (right branch)
 u - an amulet of the gourmand (around neck)
Potions
 n - a potion of agility
Books
 h - a book of Envenomations

   Spells                             Type                      Level
   Spider Form                        Transmutation/Poison         3
   Alistair's Intoxication            Transmutation/Poison         4
   Olgreb's Toxic Radiance            Poison                       4
   Poisonous Cloud                    Conjuration/Poison/Air       6


   Skills:
 + Level 5.7 Fighting
 + Level 5.6 Long Blades
 + Level 5.1 Throwing
 + Level 4.4 Dodging


You had 7 spell levels left.
You didn't know any spells.

Dungeon Overview and Level Annotations

Branches:
Dungeon (5/15)
 Temple: D:4-7

Altars:
Dithmenos
Zin

Shops:
D:4 }


Innate Abilities, Weirdness & Mutations

((You have large cloven feet.))
You can spit poison.


Message History

* * * LOW HITPOINT WARNING * * *
You barely miss the gnoll.
The gnoll is severely wounded.
The gnoll hits you but does no damage.
You slash the gnoll!
You kill the gnoll!
You hear a splash.
You closely miss the slave.
The slave is severely wounded.
The slave hits you.
* * * LOW HITPOINT WARNING * * *
Drink which item? (? for menu, Esc to quit)
There was something very wrong with that liquid!
You feel weakened.
It was a potion of degeneration.
The slave splashes around in the water.
You closely miss the slave.
The slave is severely wounded.
The gnoll shouts!
The slave hits you.
You die...

. ###.. .....#
###+##### .....+
.......# .....#
.≈≈≈≈≈.#
.....#####≈#
#≈.# #...##..+
+♣.#
+...'..≈###p##
##+#...#p#gg≈gg#
#....###.##g####
+....'.p..pg#
#....#...g..#
#....#.##...#
#..p.#' #+###
+....'.


You could see a slave and 2 gnolls.

Vanquished Creatures
  An orc warrior (D:3)
  The ghost of namelastname112 the Insei, an average DrMo (D:4)
  A phantom (D:4)
  A gnoll sergeant (D:5)
  A scorpion (D:3)
  4 orc priests
  Crazy Yiuf (D:3)
  An orc wizard (D:5)
  Natasha (thrice) (D:4)
  2 worker ants (D:4)
  Jessica (D:3)
  5 gnolls
  A hound skeleton (D:5)
  7 adders
  4 worms
  5 giant geckos
  An ooze (D:2)
  17 orcs
  8 bats
  13 goblins
  7 hobgoblins
  14 kobolds
  A quokka (D:2)
  2 ball pythons
  6 giant cockroaches
  A giant newt (D:2)
  A goblin skeleton (D:4)
  5 jackals (D:4)
  5 rats
120 creatures vanquished.

Notes
Turn   | Place    | Note
--------------------------------------------------------------
     0 | D:1      | Qrupt, the Hill Orc Gladiator, began the quest for the Orb.
     0 | D:1      | Reached XP level 1. HP: 18/18 MP: 1/1
   203 | D:1      | Reached XP level 2. HP: 25/25 MP: 2/2
   809 | D:1      | Found a glowing silver altar of Zin.
   858 | D:1      | Gained mutation: You can spit poison. [potion of beneficial mutation]
   858 | D:1      | HP: 1/25 [poisoned by an adder]
   860 | D:1      | Reached XP level 3. HP: 14/30 MP: 3/3
  1481 | D:2      | Reached XP level 4. HP: 35/38 MP: 4/4
  1902 | D:3      | Noticed an orc warrior
  2088 | D:2      | Reached skill level 4 in Long Blades
  2192 | D:3      | Reached XP level 5. HP: 36/45 MP: 5/5
  2254 | D:3      | Noticed Jessica
  2275 | D:3      | Killed Jessica
  2613 | D:3      | Killed an orc warrior
  2613 | D:3      | Reached XP level 6. HP: 24/52 MP: 6/6
  3289 | D:3      | Noticed Crazy Yiuf
  3297 | D:3      | Killed Crazy Yiuf
  3359 | D:4      | Found Inkusoel's Gadget Boutique.
  3360 | D:4      | Noticed Natasha
  3365 | D:4      | Killed Natasha
  3473 | D:4      | Noticed namelastname112's ghost (average DrMo)
  3482 | D:4      | Reached XP level 7. HP: 30/60 MP: 7/7
  3710 | D:4      | Killed namelastname112's ghost
  3710 | D:4      | Reached skill level 5 in Long Blades
  4004 | D:4      | Found a shadowy altar of Dithmenos.
  4021 | D:4      | Reached skill level 5 in Fighting
  4127 | D:4      | Noticed Natasha
  4130 | D:4      | Killed Natasha
  4328 | D:4      | Noticed Natasha
  4334 | D:4      | Killed Natasha
  4771 | D:5      | Entered Level 5 of the Dungeon
  4806 | D:5      | Gained mutation: You have large cloven feet. [potion of beneficial mutation]
  4972 | D:5      | Reached skill level 5 in Throwing
  4972 | D:5      | Reached XP level 8. HP: 16/69 MP: 8/8
  4998 | D:5      | HP: 2/105 [slave[Pikel] (6)]
  5000 | D:5      | Slain by a slave

Action                   |  1- 3 |  4- 6 |  7- 9 || total
-------------------------+-------+-------+-------++-------
Melee: Long sword        |   105 |   185 |   168 ||   458
Throw: Throwing net      |     1 |     9 |     2 ||    12
  Use: Potion            |     2 |       |     5 ||     7
       Scroll            |       |     4 |       ||     4
 Stab: Held in net/web   |     1 |     2 |     1 ||     4
  Eat: Chunk             |     2 |     5 |     1 ||     8
       Bread ration      |       |       |     1 ||     1
